 Dungeon Crawl Stone Soup version 0.29.0-4-gdea44cf6ec (webtiles) character file.

Game seed: 10151983036534461471

127 qw the Chopper (level 5, -5/30 HPs)
             Began as a Tengu Warper on Aug 28, 2022.
             Killed by nerve-wracking pain
             ... invoked by an orc priest
              (9 damage)
             ... on level 3 of the Dungeon.
             The game lasted 00:00:18 (2803 turns).

qw the Chopper (Tengu Warper)                       Turns: 2803, Time: 00:00:19

Health: -5/30      AC: 10    Str: 13    XL:     5   Next: 11%
Magic:  9/9        EV:  7    Int: 13    God:
Gold:   82         SH:  0    Dex: 14    Spells: 8/8 levels left

rFire   . . .      SeeInvis .   Y - +0 hand axe
rCold   . . .      Faith    .   (no shield)
rNeg    . . .      Spirit   .   m - +0 chain mail
rPois   .          Reflect  .   (helmet restricted)
rElec   .          Harm     .   e - +1 cloak
rCorr   .          Rampage  .   (no gloves)
Will    .....                   (boots unavailable)
Stlth   ..........              (no amulet)
HPRegen 0.10/turn               (no ring)
MPRegen 0.11/turn               (no ring)

@: flying quickly and evasively, quick
A: beak, talons 3, nimble flight
a: no special abilities


You were on level 3 of the Dungeon.
You visited 1 branch of the dungeon, and saw 3 of its levels.

You collected 82 gold pieces.


Innate Abilities, Weirdness & Mutations

You have a beak for a mouth.
You have claws for feet.
Your magical nature lets you fly swiftly and evasively.


   Skills:
 - Level 2.0 Fighting
 + Level 5.3 Axes
 - Level 1.0 Throwing
 - Level 2.0 Armour
 - Level 2.1 Dodging
 - Level 2.0 Spellcasting
 - Level 2.4 Translocations


You had 8 spell levels left.
You didn't know any spells.
Your spell library contained the following spells:

 Spells                   Type           Power      Damage    Failure   Level
 Blink                    Tloc           14%        N/A       99%         2
 Gell's Gravitas          Tloc           7%         N/A       100%        3
 Lesser Beckoning         Tloc           7%         N/A       100%        3
 Teleport Other           Tloc           7%         N/A       100%        3
 Manifold Assault         Tloc           7%         N/A       100%        5

Inventory:

Hand Weapons
 g - a +0 flail
 Y - a +0 hand axe (weapon)
Armour
 e - a +1 cloak (worn)
 m - a +0 chain mail (worn)
Jewellery
 d - a ring of fire
Scrolls
 a - a scroll of identify
 c - a scroll of butterflies {unknown}
 h - a scroll of fear {unknown}
 n - a scroll of immolation {unknown}
 o - a scroll of enchant weapon {unknown}
Potions
 b - a potion of attraction {unknown}
 f - a potion of invisibility {unknown}
 i - a potion of heal wounds {unknown}
 j - a potion of lignification {unknown}
 k - a potion of flight {unknown}
 l - a potion of resistance {unknown}
 p - a potion of mutation {unknown}

Dungeon Overview and Level Annotations

Branches:
Dungeon (3/15)

Altars:


Message History

You barely miss the orc priest.
The orc priest hits you but does no damage.
You hit the orc priest.
The orc priest is lightly wounded.
The orc priest closely misses you.
You hit the orc priest but do no damage.
Your peck misses the orc priest.
The orc priest is lightly wounded.
The orc priest hits you with a +0 club.
The orc priest mumbles some strange prayers to Beogh against you.
Beogh smites you!
You hit the orc priest.
The orc priest is lightly wounded.
The orc priest hits you with a +0 club.
You closely miss the orc priest.
You peck the orc priest, but do no damage.
The orc priest is lightly wounded.
The orc priest barely misses you.
You barely miss the orc priest. Your kick misses the orc priest.
The orc priest is lightly wounded.
The orc priest mumbles some strange prayers to Beogh against you.
Pain shoots through your body!
You barely miss the orc priest.
You claw the orc priest, but do no damage.
The orc priest is lightly wounded.
The orc priest hits you but does no damage.
You hit the orc priest but do no damage.
The orc priest is lightly wounded.
The orc priest barely misses you.
You hit the orc priest. You claw the orc priest.
Your peck misses the orc priest.
The orc priest is heavily wounded.
The orc priest closely misses you.
You barely miss the orc priest.
You claw the orc priest, but do no damage.
Your peck misses the orc priest.
The orc priest is heavily wounded.
The orc priest calls down the wrath of Beogh upon you.
Pain shoots through your body!
You die...

#. ###........###.# #.
##............. #.
#...#.....###.#
#.####..............
#........#.....###..
#.####..............
#####.####)..#.#.#..####
#.......##........)...##
#.###.#@##.............#
......o)...........#..##
#.###..............##.^.
o..'........#......)...
.###..............#####
##.............## #
#..###.......<.# #..#
#.........# #..
#..#......####


You could see an orc priest.

Vanquished Creatures
  An orc wizard (D:3)
  2 adders
  3 dart slugs
  4 orcs (D:3)
  A ball python (D:3)
  6 bats
  6 endoplasms
  5 giant cockroaches
  6 goblins
  7 hobgoblins
  2 jackals (D:1)
  7 kobolds
  8 quokkas
  6 frilled lizards
  6 rats
70 creatures vanquished.

Notes
Turn   | Place    | Note
-------+----------+-------------------------------------------
     0 | D:1      | qw the Tengu Warper began the quest for the Orb.
     0 | D:1      | Reached XP level 1. HP: 12/12 MP: 4/4
     0 | D:1      | 0 ||| qw: Version: 0.1-a-89-g26bdef1
     0 | D:1      | 0 ||| qw: Game counter: 998
     0 | D:1      | 0 ||| qw: Always use a shield: true
     0 | D:1      | 0 ||| qw: God list: Okawaru
     0 | D:1      | 0 ||| qw: Allow faded altars: false
     0 | D:1      | 0 ||| qw: Do Orc after D:15 true
     0 | D:1      | 0 ||| qw: Do second Lair branch before Depths: true
     0 | D:1      | 0 ||| qw: Lair rune preference: random
     0 | D:1      | 0 ||| qw: Plans: Normal
     0 | D:1      | 0 ||| PLANNING D:1-11
    54 | D:1      | Reached skill level 3 in Axes
    54 | D:1      | Reached XP level 2. HP: 14/17 MP: 6/6
   124 | D:1      | 124 ||| Stepping ~*~*~tactically~*~*~ (stealth).
   126 | D:1      | 126 ||| Stepping ~*~*~tactically~*~*~ (stealth).
   128 | D:1      | 128 ||| Stepping ~*~*~tactically~*~*~ (stealth).
   130 | D:1      | 130 ||| Stepping ~*~*~tactically~*~*~ (stealth).
   132 | D:1      | 132 ||| Stepping ~*~*~tactically~*~*~ (stealth).
   486 | D:1      | 486 ||| Stepping ~*~*~tactically~*~*~ (stealth).
   496 | D:1      | 496 ||| Stepping ~*~*~tactically~*~*~ (stealth).
   505 | D:1      | Reached XP level 3. HP: 7/21 MP: 7/7
   701 | D:1      | 701 ||| DROPPING +0 club.
   814 | D:1      | 814 ||| Stepping ~*~*~tactically~*~*~ (stealth).
   823 | D:1      | Reached skill level 4 in Axes
  1107 | D:1      | 1107 ||| READING 2 scrolls labelled ESAHOI UPSOE.
  1108 | D:1      | 1108 ||| READING scroll labelled SEVICO YNNECS.
  1109 | D:1      | 1109 ||| READING scroll labelled KAIMOOBEOC.
  1110 | D:1      | 1110 ||| DROPPING scroll of blinking.
  1111 | D:1      | 1111 ||| Stepping randomly (stuck).
  1112 | D:1      | 1112 ||| Stepping ~*~*~tactically~*~*~ (cloud).
  1532 | D:2      | 1532 ||| Stepping ~*~*~tactically~*~*~ (stealth).
  1735 | D:2      | Reached XP level 4. HP: 21/26 MP: 8/8
  1927 | D:2      | 1927 ||| Stepping ~*~*~tactically~*~*~ (stealth).
  1929 | D:2      | 1929 ||| Stepping ~*~*~tactically~*~*~ (stealth).
  2181 | D:2      | 2181 ||| UPGRADING to +0 ring mail.
  2191 | D:2      | 2191 ||| DROPPING +0 leather armour.
  2192 | D:2      | 2192 ||| UPGRADING to +0 cloak.
  2197 | D:2      | 2197 ||| UPGRADING to +0 chain mail.
  2207 | D:2      | 2207 ||| DROPPING +0 ring mail.
  2208 | D:2      | 2208 ||| READING scroll labelled MOITHA HY JUFU.
  2209 | D:2      | 2209 ||| READING 2 scrolls of identify.
  2209 | D:2      | 2209 ||| IDENTIFYING glowing orange potion
  2210 | D:2      | 2210 ||| DROPPING potion of brilliance.
  2271 | D:3      | 2271 ||| READING scroll of enchant armour.
  2271 | D:3      | 2271 ||| ENCHANTING +0 cloak.
  2317 | D:3      | 2317 ||| Stepping ~*~*~tactically~*~*~ (hiding).
  2424 | D:3      | 2424 ||| Stepping ~*~*~tactically~*~*~ (stealth).
  2507 | D:3      | Reached skill level 5 in Axes
  2781 | D:3      | 2781 ||| Stepping ~*~*~tactically~*~*~ (stealth).
  2783 | D:3      | 2783 ||| Stepping ~*~*~tactically~*~*~ (stealth).
  2790 | D:3      | 2790 ||| FLEEEEING.
  2793 | D:3      | Gained mutation: Your magical nature lets you fly swiftly
                  | and evasively. [Tengu growth]
  2793 | D:3      | Reached XP level 5. HP: 23/30 MP: 9/9
  2796 | D:3      | HP: 7/30 [orc priest/divine providence (11)]
  2799 | D:3      | HP: 3/30 [orc priest/nerve-wracking pain (2)]
  2803 | D:3      | Killed from afar by an orc priest

Levels and vault maps discovered:
D:1:      lemuel_arrival_behind_the_door_small, layout_rooms
D:2:      layout_basic
D:3:      minmay_spotlight, layout_basic

Skill      XL: |  1  2  3  4 |
---------------+-------------+-----
Axes           | 3 4 5 |  5.3
Armour         | 2 |  2.0
Fighting       | |  2.0
Throwing       | |  1.0
Dodging        | |  2.1
Spellcasting   | |  2.0
Translocations | |  2.4

Action                   |  1- 3 |  4- 6 || total
-------------------------+-------+-------++-------
Melee: Hand axe          |    92 |    65 ||   157
       Kick              |    23 |    24 ||    47
       Peck              |    17 |    11 ||    28
       Punch             |     2 |       ||     2
Throw: Boomerang         |     7 |       ||     7
  Use: Scroll            |     3 |     3 ||     6
Armor: Leather armour    |    16 |       ||    16
       Chain mail        |       |    17 ||    17
Dodge: Dodged            |    52 |    16 ||    68

Table legend:
 A = Non-vault XP
 B = Vault XP
 C = Vault XP percentage of total XP
 D = Non-vault monster count
 E = Vault monster count
 F = Vault count percentage of total count
                 A         B        C        D         E       F
            +---------+---------+-------+---------+---------+-------
      Total |     163 |      19 |  10.4 |      65 |       5 |   7.1
            +---------+---------+-------+---------+---------+-------
        D:1 |      57 |       0 |   0.0 |      32 |       0 |   0.0
        D:2 |      36 |       0 |   0.0 |      15 |       0 |   0.0
        D:3 |      70 |      19 |  21.3 |      18 |       5 |  21.7
            +---------+---------+-------+---------+---------+-------
